 Dungeon Crawl Stone Soup version 0.31.0-12-g77e489cdc1 (webtiles) character file.

Game seed: 9162368189991261387

9393 thiplelam the Fighter (level 11, -7/102 HPs)
             Began as a Minotaur Fighter on Mar 4, 2024.
             Was a High Priest of Zin.
             Shot with an arrow by a centaur warrior (17 damage)
             ... on level 12 of the Dungeon.
             The game lasted 00:28:45 (8751 turns).

thiplelam the Fighter (Minotaur Fighter)            Turns: 8751, Time: 00:28:46

Health: -7/102     AC: 13    Str: 31    XL:     11   Next: 22%
Magic:  10/10      EV: 11    Int:  5    God:    Zin [*****.]
Gold:   329        SH:  0    Dex: 11    Spells: 10/10 levels left

rFire   . . .        K - +4 battleaxe (heavy)
rCold   . . .        (shield currently unavailable)
rNeg    + . .        p - +3 leather armour {rPois}
rPois   +            (helmet restricted)
rElec   +            (no cloak)
rCorr   .            m - +1 pair of gloves
SInv    +            r - +2 pair of boots of the Original Sin {rElec rPois Will+ Stlth+}
Will    +....        (no amulet)
Stlth   +++          g - ring of see invisible
HPRegen 0.37/turn    j - ring "Cuudajywk" {rN+ Str+7}
MPRegen 0.12/turn

%: clarity
@: no status effects
A: horns 2, retaliatory headbutt, camouflage 1, clarity, wild magic 1
a: Renounce Religion, Recite, Vitalisation, Imprison, Sanctuary, Donate Gold


You were on level 12 of the Dungeon.
You worshipped Zin.
Zin was extremely pleased with you.
You visited 1 branch of the dungeon, and saw 11 of its levels.

You collected 705 gold pieces.
You spent 112 gold pieces at shops.
You donated 264 gold pieces to Zin.

Inventory:

Hand Weapons
 a - a +1 war axe
 h - the +1 spear "Cexevuypt" {holy, rN+}
   (You found it on level 6 of the Dungeon)

   rN+:       It protects you from negative energy.
 o - a +0 dagger
 s - a +3 trident of draining
 y - a +0 orcbow
 C - a +1 whip of flaming
 K - a +4 heavy battleaxe (weapon)
Missiles
 B - 3 throwing nets (quivered)
Armour
 b - a +0 scale mail
 c - a +1 buckler
 e - a +0 ring mail
 m - a +1 pair of gloves (worn)
 p - a +3 leather armour of poison resistance (worn)
 r - the +2 pair of boots of the Original Sin (worn) {rElec rPois Will+ Stlth+}
   (You found it on level 2 of the Dungeon)

   rElec:     It insulates you from electricity.
   rPois:     It protects you from poison Will+: It increases your willpower.
   Stlth+:    It makes you more stealthy.
 w - an orb of mayhem
 E - an orb of energy
Magical Staves
 f - a staff of fire
Jewellery
 g - a ring of see invisible (left hand)
 j - the ring "Cuudajywk" (right hand) {rN+ Str+7}
   (You found it on level 3 of the Dungeon)

   [ring of positive energy]

   Str+7:     It affects your strength (+7).
   rN+:       It protects you from negative energy.
 k - a ring of flight
 n - a ring of ice
 D - a +6 ring of strength
Wands
 i - a wand of acid (18)
 l - a wand of roots (13)
 F - a wand of paralysis (6)
 G - a wand of mindburst (20)
Scrolls
 v - 2 scrolls of fog
 x - 5 scrolls of teleportation
 A - 2 scrolls of poison
 H - a scroll of fear
 J - a scroll of identify
 L - a scroll of immolation
 M - a scroll of brand weapon
 N - a scroll of blinking
 O - a scroll of amnesia
 P - a scroll of noise {unknown}
Potions
 d - 2 potions of might
 q - 3 potions of mutation
 t - 4 potions of enlightenment
 u - 3 potions of brilliance
 z - 4 potions of degeneration
 I - 10 potions of curing


   Skills:
 + Level 11.2 Fighting
 + Level 10.8 Axes
 + Level 11.2 Armour
 + Level 11.2 Shields


You had 10 spell levels left.
You didn't know any spells.
Your spell library contained the following spells:

 Spells                   Type           Power      Damage    Failure   Level
 Sting                    Conj/Alch      0%         1d3       58%         1
 Mercury Vapours          Alch/Air       0%         N/A       73%         2
 Call Canine Familiar     Summ           0%         N/A       90%         3
 Fugue of the Fallen      Necr           0%         N/A       90%         3
 Inner Flame              Hex/Fire       0%         N/A       90%         3
 Ozocubu's Armour         Ice            0%         N/A       90%         3
 Sigil of Binding         Hex            0%         N/A       90%         3
 Summon Ice Beast         Ice/Summ       0%         N/A       90%         3
 Dimensional Bullseye     Hex/Tloc       0%         N/A       100%        4
 Manifold Assault         Tloc           0%         N/A       100%        4
 Olgreb's Toxic Radiance  Alch           0%         N/A       100%        4
 Irradiate                Conj/Alch      0%         3d11      100%        5
 Summon Mana Viper        Hex/Summ       0%         N/A       100%        5
 Monstrous Menagerie      Summ           0%         N/A       100%        7
 Ignition                 Fire           0%         3d3       100%        8


Dungeon Overview and Level Annotations

Branches:
Dungeon (12/15)            Temple (0/1) D:6             Orc (0/2) D:11
   Lair: D:8-11

Altars:
Gozag
Nemelex Xobeh
Okawaru
Sif Muna
Uskayaw
Zin
The Shining One

Shops:
D:10 ?


Innate Abilities, Weirdness & Mutations

You have a pair of horns on your head.
You reflexively headbutt those who attack you in melee.
Your skin changes colour to match your surroundings (Stealth+).
You possess an exceptional clarity of mind.
Your spells are a little harder to cast, but a little more powerful.


Message History

The centaur warrior shoots an arrow.
The arrow hits you!
The troll shouts!
The centaur warrior shoots an arrow.
The arrow hits you!
The centaur warrior shoots an arrow.
The arrow hits you!
Found 17 gold pieces.
Found a stone staircase leading down.
The centaur warrior shoots an arrow.
The arrow hits you!
The two-headed ogre hits you with a +0 giant spiked club!
The two-headed ogre closely misses you.
You barely miss the two-headed ogre.
Your headbutt misses the two-headed ogre.
The centaur warrior shoots an arrow.
The arrow hits you.
The centaur warrior shoots an arrow.
The arrow hits you.
The centaur warrior shoots an arrow.
The arrow hits you.
* * * LOW HITPOINT WARNING * * *
The two-headed ogre barely misses you.
The two-headed ogre hits you with a +0 giant club.
* * * LOW HITPOINT WARNING * * *
You slice the two-headed ogre!! You headbutt the two-headed ogre.
The two-headed ogre is severely wounded.
The centaur warrior shoots an arrow.
The arrow hits you!
* * * LOW HITPOINT WARNING * * *
The centaur warrior shoots an arrow.
The arrow hits you!
* * * LOW HITPOINT WARNING * * *
The two-headed ogre barely misses you. You furiously retaliate!
You headbutt the two-headed ogre, but do no damage.
The two-headed ogre hits you with a +0 giant club!
Zin protects you from harm! The troll barely misses you.
The troll completely misses you. The troll claws you but does no damage.
You dice the two-headed ogre like an onion!!!
You kill the two-headed ogre!
You barely miss the troll.
The centaur warrior shoots an arrow.
The arrow hits you.
* * * LOW HITPOINT WARNING * * *
The centaur warrior shoots an arrow.
The arrow closely misses you. The troll closely misses you.
You furiously retaliate!
You headbutt the troll, but do no damage.
The troll closely misses you. The troll claws you but does no damage.
The centaur warrior shoots an arrow.
The arrow hits you!
You die...

.......#...#### .######
.......#....... .......
.......#...###. .......
...........# ## .......
........####
$.|....##........# #
.......#..######.# #
#......#.### #.#.# ###
......)@...###...# #..
.......T.#.##...######.#
>....c...#.........<##.#
..<......####...###[##.#
.........# #..## #....#
.........# #..# #.####
........## ...# #..
........# #.... ..##
#......###


You could see a centaur warrior and a troll.

Vanquished Creatures
  3 two-headed ogres
  Pikel (D:5)
  Maurice (D:7)
  A cyclops (D:7)
  Joseph (D:7)
  A komodo dragon (D:10)
  2 unseen horrors (D:11)
  Jeremiah (D:6)
  A hornet (D:10)
  2 trolls (D:10)
  Prince Ribbit (D:7)
  A shadow (D:11)
  A wraith (D:11)
  Eustachio (D:5)
  A basilisk (D:11)
  A warg (D:11)
  4 vampire mosquitoes (D:11)
  An acid dragon (D:10)
  2 water moccasins (D:6)
  Duvessa (D:4)
  4 sky beasts
  An ice beast (D:6)
  A black bear (D:5)
  An orc warrior (D:10)
  An ogre (D:11)
  2 centaurs
  4 lemures (D:5)
  The ghost of Quickbrownfox the Changeling, an amateur OpSh (D:3)
  A phantom (D:5)
  Blork the orc (D:4)
  4 kobold brigands
  A gnoll sergeant (D:11)
  2 bullfrogs
  4 scorpions
  2 jellies
  3 wights (D:7)
  Dowan (D:4)
  3 killer bees (D:8)
  3 hounds
  3 bombardier beetles
  3 orc priests
  6 iguanas
  Ijyb (D:5)
  7 orc wizards
  A sleepcap (D:4)
  9 gnolls
  11 adders
  2 river rats (D:6)
  A shadow imp (D:5)
  2 white imps
  2 ribbon worms (D:2)
  2 dart slugs
  26 orcs
  7 ball pythons
  11 endoplasms
  3 giant cockroaches
  8 hobgoblins
  2 jackals (D:2)
  5 quokkas
  4 bats
  4 frilled lizards
  5 goblins
  6 kobolds
  6 rats
205 creatures vanquished.

Notes
Turn   | Place    | Note
-------+----------+-------------------------------------------
     0 | D:1      | thiplelam the Minotaur Fighter began the quest for the Orb.
     0 | D:1      | Reached XP level 1. HP: 19/19 MP: 0/0
   287 | D:1      | Reached XP level 2. HP: 27/27 MP: 1/1
   402 | D:1      | Found a faded altar of an unknown god.
   410 | D:1      | Prayed at the altar of an unknown god.
   410 | D:1      | Became a worshipper of Uskayaw the Reveller
   410 | D:1      | Reached * piety under Uskayaw
   850 | D:2      | Reached ** piety under Uskayaw
   917 | D:2      | Identified the +2 pair of boots of the Original Sin {rElec
                  | rPois Will+ Stlth+}
  1015 | D:2      | Reached XP level 3. HP: 33/33 MP: 2/2
  1021 | D:2      | Found a shimmering blue altar of Sif Muna.
  1536 | D:3      | Identified the ring "Cuudajywk" {rN+ Str+7}
  1579 | D:3      | Found a runed translucent door.
  1580 | D:3      | Noticed Quickbrownfox's ghost (amateur OpSh)
  1613 | D:3      | Reached XP level 4. HP: 40/40 MP: 3/3
  1676 | D:3      | Gained mutation: Your skin changes colour to match your
                  | surroundings (Stealth+). [potion of mutation]
  1676 | D:3      | Gained mutation: You possess an exceptional clarity of
                  | mind. [potion of mutation]
  1676 | D:3      | Gained mutation: Your spells are a little harder to cast,
                  | but a little more powerful. [potion of mutation]
  1685 | D:3      | Killed Quickbrownfox's ghost
  1686 | D:3      | Reached XP level 5. HP: 25/47 MP: 4/4
  2352 | D:4      | Reached skill level 5 in Fighting
  2352 | D:4      | Reached skill level 5 in Armour
  2352 | D:4      | Reached skill level 5 in Shields
  2470 | D:4      | Reached *** piety under Uskayaw
  2474 | D:4      | Reached **** piety under Uskayaw
  2475 | D:4      | Reached XP level 6. HP: 53/56 MP: 5/5
  2489 | D:4      | Noticed Dowan
  2490 | D:4      | Noticed Duvessa
  2499 | D:4      | Killed Duvessa
  2502 | D:4      | Killed Dowan
  2674 | D:4      | Reached XP level 7. HP: 62/62 MP: 6/6
  2744 | D:4      | Reached skill level 5 in Axes
  2756 | D:4      | Noticed Blork the orc
  2768 | D:4      | Killed Blork the orc
  3077 | D:5      | Entered Level 5 of the Dungeon
  3251 | D:5      | Noticed Ijyb
  3263 | D:5      | HP: 2/64 [Ijyb/+0 club (3)]
  3268 | D:5      | HP: 2/64 [Ijyb/+0 club (5)]
  3269 | D:5      | Killed Ijyb
  3602 | D:5      | Found a glowing silver altar of Zin.
  3612 | D:5      | Reached XP level 8. HP: 61/71 MP: 7/7
  3616 | D:5      | Fell from the grace of Uskayaw
  3616 | D:5      | Became a worshipper of Zin the Law-Giver
  3616 | D:5      | Reached * piety under Zin
  3657 | D:5      | Noticed Eustachio
  3677 | D:5      | Killed Eustachio
  3790 | D:5      | Noticed Pikel
  3809 | D:5      | Killed Pikel
  3962 | D:5      | Reached ** piety under Zin
  4058 | D:6      | Noticed Jeremiah
  4074 | D:6      | Killed Jeremiah
  4075 | D:6      | Reached XP level 9. HP: 60/81 MP: 8/8
  4186 | D:6      | Identified the +1 spear "Cexevuypt" {holy, rN+}
  4229 | D:6      | Found a staircase to the Ecumenical Temple.
  4889 | D:6      | Found an iron altar of Okawaru.
  4892 | D:6      | Found a glowing golden altar of the Shining One.
  5091 | D:7      | Noticed a cyclops
  5138 | D:7      | Killed a cyclops
  5378 | D:7      | Noticed Maurice
  5386 | D:7      | Maurice stole an orb of mayhem
  5386 | D:7      | Noticed Joseph
  5391 | D:7      | Maurice stole a +1 whip of flaming
  5397 | D:7      | Maurice stole a +6 ring of strength
  5408 | D:7      | Killed Joseph
  5413 | D:7      | Killed Maurice
  5414 | D:7      | Reached XP level 10. HP: 34/91 MP: 3/9
  5431 | D:7      | Noticed Prince Ribbit
  5438 | D:7      | Killed Prince Ribbit
  5744 | D:7      | Reached *** piety under Zin
  6198 | D:8      | Noticed a two-headed ogre
  6207 | D:8      | Killed a two-headed ogre
  6208 | D:8      | Reached skill level 10 in Fighting
  6208 | D:8      | Reached skill level 10 in Armour
  6208 | D:8      | Reached skill level 10 in Shields
  6217 | D:8      | You fall into a shaft and drop 2 floors!
  6217 | D:10     | Entered Level 10 of the Dungeon
  6268 | D:10     | Donated 194 gold pieces to Zin
  6704 | D:10     | Reached skill level 10 in Axes
  7065 | D:10     | Found a sparkling altar of Nemelex Xobeh.
  7078 | D:10     | Found Maargh's Magic Scroll Boutique.
  7090 | D:10     | Reached **** piety under Zin
  7107 | D:10     | Bought a scroll of enchant armour for 112 gold pieces
  7269 | D:10     | Reached ***** piety under Zin
  7380 | D:11     | Noticed a two-headed ogre
  7391 | D:11     | Killed a two-headed ogre
  7426 | D:11     | Reached XP level 11. HP: 51/101 MP: 10/10
  7767 | D:11     | Found a staircase to the Orcish Mines.
  7986 | D:11     | Found an opulent altar of Gozag.
  8745 | D:12     | Noticed a two-headed ogre
  8746 | D:12     | Noticed a centaur warrior
  8750 | D:12     | Zin protects you from harm!
  8751 | D:12     | Killed a two-headed ogre
  8751 | D:12     | Shot with an arrow by a centaur warrior

Illustrated notes

Levels and vault maps discovered:
D:1:      mrwooster_arrival_arrow, layout_basic,
          hellmonk_ecumenical_altar_slurped_away, hangedman_decor_growths,
          serial_bayou_pond_c, minmay_misc_feat_tower, minmay_tetromino_l2
D:2:      layout_rooms, basic_altar, st_stairs_6
D:3:      layout_rooms, mainiacjoe_overflow_chevrons,
          ebering_ghost_reflecting_pool, lightli_corner_chamber
D:4:      layout_basic, uniq_duvessa, uniq_blork_the_orc
D:5:      nicolae_cairo_tiling_large_dashed, layout_basic, zin_academy,
          uniq_pikel, uniq_eustachio, uniq_ijyb
D:6:      layout_gridville, jmf_multi_god_temple2, minmay_temple_entry_hall,
          portal_sewer_entry_e, nrook_uturn, nrook_loot_triangle,
          ebering_dispersal_statue_hall, chequers_serial_rivers_large_b,
          uniq_jeremiah
D:7:      layout_basic, minmay_misc_feat_pillars, uniq_prince_ribbit1,
          uniq_maurice, uniq_joseph
D:8:      layout_layer_cave, general_overflow_altar, lair_entry_dummy,
          uniq_psyche
D:10:     layout_loops_corners, nemelex_xobeh_ov_fountains_minmay, serial_shops,
          shop_coins
D:11:     layout_basic, erik_orc_3, grunt_gozag_statues
D:12:     layout_rooms, serial_shops, nicolae_shop_bloodbath_and_beyond

Skill      XL: |  1  2  3  4  5  6  7  8  9 10 11 |
---------------+----------------------------------+-----
Armour         | 4 5 6 8 9 10 11 | 11.2
Shields        | 4 5 6 8 9 10 11 | 11.2
Fighting       | 4 5 6 8 9 10 11 | 11.2
Axes           | 3 4 6 7 9 10 | 10.8

Action                     |  1- 3 |  4- 6 |  7- 9 | 10-12 || total
---------------------------+-------+-------+-------+-------++-------
  Melee: War axe           |    80 |    33 |   106 |       ||   219
         Headbutt          |    10 |     4 |    55 |    28 ||    97
         Whip              |       |       |    54 |       ||    54
         Spear             |       |       |   125 |    28 ||   153
         Battleaxe         |       |       |       |    98 ||    98
  Throw: Throwing net      |       |       |     1 |       ||     1
 Invoke: Donate Gold       |       |       |       |     1 ||     1
    Use: Potion            |     3 |     5 |     6 |       ||    14
         Scroll            |     3 |       |    16 |     4 ||    23
   Stab: Paralysed         |       |     2 |     3 |       ||     5
         Sleeping          |       |     1 |     7 |     2 ||    10
         Distracted        |       |       |     1 |       ||     1
 Armour: Scale mail        |    64 |    24 |       |       ||    88
         Leather armour    |       |       |   176 |   128 ||   304
  Dodge: Dodged            |    49 |    21 |   150 |    83 ||   303
  Block: Buckler           |    15 |     7 |    72 |     9 ||   103
